 Dungeon Crawl Stone Soup version 0.19.5 (webtiles) character file.

28630 theElss the Eclecticist (level 13, -27/63 HPs)
             Began as a Deep Elf Conjurer on May 3, 2017.
             Was a High Priest of Vehumet.
             Shot with an arrow by a centaur warrior (30 damage)
             ... on level 13 of the Dungeon.
             The game lasted 01:12:53 (21375 turns).

theElss the Eclecticist (Deep Elf Conjurer)        Turns: 21375, Time: 01:12:54

Health: -27/63     AC: 10    Str:  5    XL:     13   Next: 10%
Magic:  36/36      EV: 13    Int: 32    God:    Vehumet [*****.]
Gold:   931        SH:  0    Dex: 15    Spells: 6 memorised, 28 levels left

rFire  + + .     SeeInvis .     y - +2 whip (holy)
rCold  . . .     Gourm    +     V - +1 robe {rF+}
rNeg   . . .     Faith    .     t - +0 buckler
rPois  +         Spirit   .     v - +2 helmet "Dudam" {rElec rPois Str-5 Int+8}
rElec  +         Reflect  .     L - +0 cloak
rCorr  .         Harm     .     J - +2 pair of gloves {Str+3}
MR     +....                    (no boots)
Stlth  +.........               h - amulet of the gourmand
                                S - ring of fire
                                m - ring of protection from cold

@: confused
A: no striking features
a: Renounce Religion


You were on level 13 of the Dungeon.
You worshipped Vehumet.
Vehumet was extremely pleased with you.
You were completely stuffed.

You visited 2 branches of the dungeon, and saw 14 of its levels.
You also visited: Bailey.

You collected 1073 gold pieces.
You spent 142 gold pieces at shops.

Inventory:

Hand Weapons
 y - a +2 whip of holy wrath (weapon)
Armour
 t - a +0 buckler (worn)
 v - the +2 helmet "Dudam" (worn) {rElec rPois Str-5 Int+8}
   (You took it off Robin on level 2 of the Dungeon)

   It affects your strength (-5).
   It affects your intelligence (+8).
   It insulates you from electricity.
   It protects you from poison.
 J - a +2 pair of gloves of strength (worn)
 L - a +0 cloak (worn)
 V - a +1 robe of fire resistance (worn)
Jewellery
 h - an amulet of the gourmand (around neck)
 i - an uncursed ring of positive energy
 m - a ring of protection from cold (left hand)
 D - an uncursed ring of ice
 M - a +2 ring of evasion
 S - a ring of fire (right hand)
 W - an uncursed ring of see invisible
 Z - the amulet "Zynamotz" {+Blink Regen+}
   (You found it on level 12 of the Dungeon)

   [amulet of regeneration]

   It lets you blink.
   It increases your rate of regeneration.
Wands
 p - a wand of lightning (7/15)
 q - a wand of teleportation (4/9)
Scrolls
 d - 2 scrolls of fog
 g - 5 scrolls of remove curse
 n - 4 scrolls of amnesia
 s - 3 scrolls of teleportation
 B - 4 scrolls of enchant weapon
 E - 3 scrolls of recharging
 H - 5 scrolls of fear
 I - 3 scrolls of enchant armour
 O - a scroll of magic mapping {unknown}
 U - a scroll of blinking
 X - a scroll of acquirement {unknown}
Potions
 e - 2 potions of haste {unknown}
 f - a potion of brilliance {unknown}
 l - a potion of beneficial mutation {unknown}
 o - a potion of agility {unknown}
 u - a potion of lignification {unknown}
 w - 3 potions of magic
 z - 2 potions of invisibility
 A - 4 potions of curing
 C - 2 potions of heal wounds
 F - 3 potions of flight
 T - a potion of ambrosia {unknown}
Books
 b - a book of Conjurations

   Spells                             Type                      Level
   a - Magic Dart                     Conjuration                  1
   b - Searing Ray                    Conjuration                  2
   c - Dazzling Spray                 Conjuration/Hexes            3
   d - Fulminant Prism                Conjuration/Hexes            4
   e - Iskenderun's Mystic Blast      Conjuration                  4
   f - Iskenderun's Battlesphere      Conjuration/Charms           5
Miscellaneous
 P - a fan of gales
Comestibles
 c - 9 bread rations
 j - 19 fruits
 k - 4 royal jellies
 x - 7 meat rations
 K - 3 beef jerkies
 N - 7 slices of pizza


   Skills:
 - Level 2.5 Dodging
 - Level 2.4 Stealth
 - Level 6.3 Shields
 + Level 17.1 Spellcasting
 * Level 15.6 Conjurations
 * Level 6.9 Fire Magic


You had 28 spell levels left.
You knew the following spells:

 Your Spells              Type           Power        Failure   Level  Hunger
a - Magic Dart            Conj           ####         0%          1    None
b - Iskenderun's Battles  Conj/Chrm      ######..     1%          5    None
c - Searing Ray           Conj           ######       0%          2    None
d - Iskenderun's Mystic   Conj           #######.     1%          4    None
e - Throw Flame           Conj/Fire      ######       1%          2    None
f - Sticky Flame          Conj/Fire      #######.     1%          4    None


Dungeon Overview and Level Annotations

Branches:
Dungeon (13/15) Temple (1/1) D:4 Lair (0/6) D:8 Orc (0/2) D:10 Vaults (0/5) D:12 D:13

Altars:
Ashenzari
Cheibriados
Dithmenos
Elyvilon
Fedhas
Gozag
Hepliaklqana
Kikubaaqudgha
Makhleb
Nemelex Xobeh
Okawaru
Qazlal
Ru
Sif Muna
Trog
Uskayaw
Vehumet
Xom
Yredelemnul
Zin
The Shining One

Shops:
D:11 ([%

Annotations:
D:13 Rupert


Message History

The centaur warrior shoots an arrow.
The arrow hits you!! The arrow freezes you.
There is a stone staircase leading up, spattered with blood here.
You see here 3 arrows.
Unknown command.
You're too confused to cast spells.
The centaur warrior shoots an arrow.
The arrow barely misses you.
Unknown command.
The centaur warrior shoots an arrow.
The arrow hits you. The arrow freezes you.
Rupert roars madly and goes into a rage!
Rupert goes berserk!
You see here an arrow.
The centaur warrior shoots an arrow.
The arrow hits you! The arrow freezes you. The human barely misses you.
Unknown command.
You barely miss Rupert.
Rupert hits you with a great sword of holy wrath!
* * * LOW HITPOINT WARNING * * *
The centaur warrior shoots an arrow.
The arrow hits you!!
You die...

## ### # #. ..
.#
######.###.##(#
#....(........#
#.............#
.........(....#
#...(...@@...#
#.....<>p.[..#
#.....∩<.....#
#...[....p.c.#
#............#
..............#
..............#
.#.###.####...#
#. .. ..##


You could see Rupert (berserk), a centaur warrior and 2 humans.

Vanquished Creatures
  Gastronok (D:11)
  Josephine (D:11)
  A hydra (D:10)
  Harold (D:11)
  A tengu warrior (D:12)
  Urug (D:12)
  2 skeletal warriors
  The ghost of Turgon the Covert, a novice OpWz of Ashenzari (D:8)
  4 hill giants
  A manticore (D:12)
  An ugly thing (D:11)
  A deep elf mage (D:12)
  2 centaur zombies
  3 centaur skeletons
  2 komodo dragons (D:8)
  2 trolls
  2 hornets
  2 dream sheep (D:10)
  6 hippogriffs
  The ghost of miragecloak the Insei, an amateur OpTm (D:4)
  2 vampires
  2 wyverns
  16 yaks
  5 wraiths
  18 humans
  Grum (D:11)
  A hungry ghost (D:12)
  A steam dragon (D:8)
  11 orc warriors
  A sky beast (D:10)
  5 ice beasts
  2 phantoms
  3 black bears
  4 ogres
  2 necrophages
  4 wolves (D:11)
  11 centaurs
  2 crocodiles (D:8)
  6 big kobolds
  11 bullfrogs
  A gnoll sergeant (D:8)
  10 killer bees
  8 scorpions
  5 wights (D:11)
  5 howler monkeys
  5 crimson imps
  A bullfrog zombie (D:12)
  8 hounds
  5 jellies
  A quasit (D:8)
  8 orc priests
  12 orc wizards
  A bullfrog skeleton (D:9)
  An iguana (D:8)
  Terence (D:2)
  Natasha (twice) (D:3)
  9 worker ants
  A killer bee zombie (D:10)
  Robin (D:2)
  3 worker ant zombies
  10 gnolls
  16 adders
  3 shadow imps
  3 adder zombies
  3 adder skeletons
  3 worms
  2 dart slugs
  6 leopard geckos
  49 orcs
  3 ball pythons
  6 bats
  8 giant cockroaches
  14 goblins
  7 hobgoblins
  3 jackals (D:5)
  7 quokkas
  A ball python skeleton (D:4)
  5 frilled lizards
  A jackal skeleton (D:6)
  16 kobolds
  A leopard gecko skeleton (D:4)
  A leopard gecko zombie (D:5)
  9 rats
409 creatures vanquished.

Vanquished Creatures (others)
  A troll (D:12)
  2 orc priests (D:12)
  2 orcs (D:12)
5 creatures vanquished.

Grand Total: 414 creatures vanquished

Notes
Turn   | Place    | Note
-------+----------+-------------------------------------------
     0 | D:1      | theElss the Deep Elf Conjurer began the quest for the Orb.
     0 | D:1      | Reached XP level 1. HP: 10/10 MP: 6/6
   444 | D:1      | Reached XP level 2. HP: 15/15 MP: 6/8
   448 | D:1      | Learned a level 2 spell: Searing Ray
  1003 | D:2      | Found a snail-covered altar of Cheibriados.
  1256 | D:2      | Reached skill level 5 in Conjurations
  1679 | D:2      | Reached XP level 3. HP: 19/19 MP: 4/9
  2025 | D:2      | Reached skill level 1 in Shields
  2055 | D:3      | Noticed Robin
  2280 | D:3      | Noticed Natasha
  2286 | D:2      | Killed Robin
  2288 | D:2      | Got a scorched helmet
  2299 | D:2      | Identified the +2 helmet "Dudam" {rElec rPois Str-5 Int+8} (You took it off Robin on level 2 of the Dungeon)
  2299 | D:2      | Lost strength.
  2598 | D:3      | Noticed Terence
  2897 | D:2      | Killed Terence
  2897 | D:2      | Reached XP level 4. HP: 6/24 MP: 0/11
  3466 | D:3      | Found an ancient bone altar of Kikubaaqudgha.
  3471 | D:3      | Killed Natasha
  3471 | D:3      | Reached XP level 5. HP: 28/28 MP: 6/12
  3940 | D:4      | Found a staircase to the Ecumenical Temple.
  3952 | Temple   | Entered the Ecumenical Temple
  4101 | Temple   | Became a worshipper of Vehumet
  4507 | D:4      | Noticed miragecloak's ghost (amateur OpTm)
  4556 | D:3      | Noticed Natasha
  4561 | D:3      | Killed Natasha
  4941 | D:4      | Reached XP level 6. HP: 26/32 MP: 7/13
  4985 | D:4      | Learned a level 4 spell: Iskenderun's Mystic Blast
  5352 | D:4      | Killed miragecloak's ghost
  5352 | D:4      | Reached skill level 5 in Shields
  5352 | D:4      | Reached XP level 7. HP: 36/36 MP: 2/14
  5445 | D:5      | Entered Level 5 of the Dungeon
  5700 | D:5      | Found an iron altar of Okawaru.
  5714 | D:5      | Noticed a hippogriff
  5721 | D:5      | Killed a hippogriff
  6073 | D:5      | Reached * piety under Vehumet
  6073 | D:5      | Offered knowledge of Sting by Vehumet.
  6337 | D:5      | Reached skill level 4 in Spellcasting
  6677 | D:5      | Noticed a moth of wrath
  6680 | D:5      | Found a bloodstained altar of Trog.
  7087 | D:6      | Noticed a human
  7099 | D:6      | Killed a human
  7099 | D:6      | Reached skill level 5 in Spellcasting
  7099 | D:6      | Reached XP level 8. HP: 41/41 MP: 8/17
  7322 | D:6      | Reached skill level 6 in Spellcasting
  7341 | D:5      | Learned a level 5 spell: Iskenderun's Battlesphere
  7880 | D:6      | Reached skill level 7 in Spellcasting
  8317 | D:6      | Reached skill level 8 in Spellcasting
  8627 | D:6      | Reached XP level 9. HP: 40/45 MP: 11/23
  9224 | D:7      | Reached skill level 9 in Spellcasting
 10107 | D:8      | Noticed Turgon's ghost (novice OpWz)
 10115 | D:8      | Killed Turgon's ghost
 10115 | D:8      | Reached skill level 10 in Spellcasting
 10223 | D:8      | Noticed a hill giant
 10228 | D:8      | Killed a hill giant
 10228 | D:8      | Reached skill level 11 in Spellcasting
 10228 | D:8      | Reached skill level 10 in Conjurations
 10502 | D:8      | Reached ** piety under Vehumet
 10520 | D:8      | Offered knowledge of Freeze by Vehumet.
 10692 | D:8      | Reached XP level 10. HP: 49/50 MP: 5/27
 11427 | D:8      | Reached skill level 12 in Spellcasting
 11842 | D:8      | Offered knowledge of Throw Flame by Vehumet.
 11849 | D:8      | Learned a level 2 spell: Throw Flame
 12100 | D:8      | Found a staircase to the Lair.
 12766 | D:9      | Reached skill level 13 in Spellcasting
 12955 | D:9      | Reached *** piety under Vehumet
 13584 | D:9      | Reached XP level 11. HP: 54/54 MP: 4/30
 13726 | D:9      | Found a shattered altar of Ashenzari.
 13736 | D:9      | Offered knowledge of Sticky Flame by Vehumet.
 13746 | D:9      | Reached skill level 14 in Spellcasting
 13858 | D:9      | Learned a level 4 spell: Sticky Flame
 14016 | D:10     | Entered Level 10 of the Dungeon
 14025 | D:10     | Noticed a hill giant
 14039 | D:10     | Killed a hill giant
 14039 | D:10     | Reached skill level 1 in Fire Magic
 14185 | D:10     | Reached **** piety under Vehumet
 14240 | D:10     | Found a flagged portal.
 14247 | Bailey   | Entered a bailey
 14425 | Bailey   | Offered knowledge of Ignite Poison by Vehumet.
 15517 | D:10     | Noticed a hill giant
 15520 | D:10     | Killed a hill giant
 15860 | D:10     | Found a staircase to the Orcish Mines.
 16027 | D:10     | Reached skill level 15 in Spellcasting
 16486 | D:10     | Noticed a hill giant
 16489 | D:10     | Killed a hill giant
 16489 | D:10     | Reached ***** piety under Vehumet
 16597 | D:10     | Noticed a three-headed hydra
 16605 | D:10     | Killed a three-headed hydra
 16831 | D:11     | Found Qoeb's Weapon Shoppe.
 16838 | D:11     | Noticed a green ugly thing
 16847 | D:11     | Killed a green ugly thing
 16847 | D:11     | Offered knowledge of Airstrike by Vehumet.
 17031 | D:11     | Reached XP level 12. HP: 59/59 MP: 16/33
 17210 | D:11     | Noticed Josephine
 17218 | D:11     | Killed Josephine
 17220 | D:11     | Reached skill level 5 in Fire Magic
 17431 | D:11     | Noticed Grum
 17434 | D:11     | Killed Grum
 17434 | D:11     | Reached skill level 16 in Spellcasting
 17687 | D:11     | Noticed Harold
 17691 | D:11     | Killed Harold
 17930 | D:11     | Noticed Gastronok
 17937 | D:11     | Killed Gastronok
 18297 | D:11     | Found Qomynu's Food Shoppe.
 18477 | D:11     | Found Arha's Antique Armour Boutique.
 18480 | D:11     | Bought a creamy pearl robe for 142 gold pieces
 18490 | D:11     | Identified the +0 robe of Gozag's Generosity {rElec Regen+ Str+3 Slay-5} (You bought it in a shop on level 11 of the Dungeon)
 18830 | D:12     | Got a scintillating brass amulet
 18938 | D:12     | Identified the amulet "Zynamotz" {+Blink Regen+} (You found it on level 12 of the Dungeon)
 19273 | D:12     | Found a sparkling altar of Nemelex Xobeh.
 20038 | D:12     | Noticed a tengu warrior
 20042 | D:12     | Killed a tengu warrior
 20042 | D:12     | Reached skill level 15 in Conjurations
 20374 | D:13     | Found a gate to the Vaults.
 20374 | D:13     | Noticed a centaur warrior
 20374 | D:13     | Noticed Rupert
 20374 | D:13     | Noticed Urug
 20400 | D:12     | Killed Urug
 20400 | D:12     | Reached skill level 17 in Spellcasting
 20403 | D:12     | Offered knowledge of Force Lance by Vehumet.
 20403 | D:12     | Reached XP level 13. HP: 10/63 MP: 5/36
 21375 | D:13     | HP: 3/63 [Rupert/great sword of holy wrath (16)]
 21375 | D:13     | Shot with an arrow by a centaur warrior

Skill      XL: |  1  2  3  4  5  6  7  8  9 10 11 12 |
---------------+-------------------------------------+-----
Conjurations   | 5 6 8 10 12 13 15 | 15.6
Shields        | 2 3 4 5 6 |  6.3
Spellcasting   | 5 8 11 13 15 17 | 17.1
Fire Magic     | 4 6 |  6.9
Dodging        | |  2.5
Stealth        | |  2.4

Action                   |  1- 3 |  4- 6 |  7- 9 | 10-12 | 13-15 || total
-------------------------+-------+-------+-------+-------+-------++-------
Melee: Dagger            |     3 |       |       |       |       ||     3
       Whip              |       |       |    14 |     3 |     1 ||    18
 Cast: Magic Dart        |    65 |    93 |   109 |   182 |     4 ||   453
       Searing Ray       |     7 |    10 |    14 |    10 |     1 ||    42
       Iskenderun's Myst |       |       |    68 |   247 |    19 ||   334
       Iskenderun's Batt |       |       |     4 |    59 |     5 ||    68
       Sticky Flame      |       |       |       |     9 |     3 ||    12
  Use: Potion            |     1 |       |       |       |       ||     1
       Scroll            |       |       |    12 |     9 |     1 ||    22
  Eat: Chunk             |     5 |    17 |    20 |    30 |     3 ||    75
Armor: Robe              |     1 |     4 |     8 |    21 |     9 ||    43
Dodge: Dodged            |    18 |     7 |    14 |    53 |    21 ||   113
Block: Buckler           |     7 |     3 |    17 |    38 |     5 ||    70
